 Dungeon Crawl Stone Soup version 0.26-a0-1060-g086102a3f0 (webtiles) character file.

Game seed: 4264052485963536306

454 sanka the Insei (level 6, -7/52 HPs)
             Began as a Draconian Monk on Dec 13, 2020.
             Was a Believer of Okawaru.
             Mangled by Edmund
             ... wielding a +7 flail of holy wrath
              (16 damage)
             ... on level 4 of the Dungeon.
             The game lasted 00:04:09 (3180 turns).

sanka the Insei (Draconian Monk)                    Turns: 3180, Time: 00:04:09

Health: -7/52      AC:  8    Str: 13    XL:     6   Next: 76%
Magic:  8/9        EV: 17    Int: 11    God:    Okawaru [**....]
Gold:   225        SH:  0    Dex: 15    Spells: 5/5 levels left

rFire    . . .     SeeInvis .     - Unarmed
rCold    . . .     Faith    .   (no shield)
rNeg     . . .     Spirit   .   (armour unavailable)
rPois    .         Reflect  .   (helmet restricted)
rElec    .         Harm     .   c - +0 cloak
rCorr    +         Rampage  .   (no gloves)
Will     .....                  q - +0 pair of boots
Stlth    +++.......             (no amulet)
HPRegen  0.17/turn              (no ring)
MPRegen  0.11/turn              r - ring of resist corrosion

@: heroism
A: unfitting armour, cold-blooded, AC +6
a: Heroism, Renounce Religion


You were on level 4 of the Dungeon.
You worshipped Okawaru.
Okawaru was pleased with you.
You visited 1 branch of the dungeon, and saw 4 of its levels.

You collected 225 gold pieces.


Innate Abilities, Weirdness & Mutations

Your plain brown scales are hard. (AC +6)
You cannot fit into any form of body armour.
You are cold-blooded and may be slowed by cold attacks.


   Skills:
 - Level 4.0(9.0) Fighting
 - Level 2.6(7.6) Dodging
 - Level 1.7(6.7) Stealth
 + Level 6.3(11.3) Unarmed Combat
 - Level 4.0 Invocations


You had 5 spell levels left.
You didn't know any spells.
Your spell library was empty.

Inventory:

Armour
 c - a +0 cloak (worn)
 q - a +0 pair of boots (worn)
Jewellery
 r - a ring of resist corrosion (right hand)
Wands
 s - a wand of flame (25)
Scrolls
 b - 7 scrolls of identify {unknown}
 e - a scroll of fog {unknown}
 i - a scroll of enchant armour {unknown}
 l - 3 scrolls of remove curse {unknown}
 m - 3 scrolls of teleportation {unknown}
 n - 2 scrolls of fear {unknown}
 p - a scroll of noise {unknown}
 u - a scroll of immolation {unknown}
 v - a scroll of magic mapping {unknown}
 w - a scroll of random uselessness {unknown}
Potions
 a - 2 potions of haste {unknown}
 d - a potion of attraction {unknown}
 f - 3 potions of heal wounds {@q2}
 g - a potion of degeneration {unknown}
 h - 2 potions of might {unknown}
 j - 2 potions of mutation {unknown}
 k - a potion of lignification {unknown}
 o - a potion of curing {unknown}
 t - a potion of flight {unknown}

Dungeon Overview and Level Annotations

Branches:
Dungeon (4/15)
 Temple: D:4-7

Altars:
Cheibriados
Kikubaaqudgha
Okawaru
Qazlal

Annotations:
D:4 Edmund

▒(.▒ ▒..▒ ▒..▒
▒...▒▒▒▒▒▒▒▒ ▒.▒...?.>(..
▒▒▒▒▒▒▒.▒▒........
.........(........ ▒▒▒▒▒
▒▒...d@....... .....
▒...▒▒▒....... .....
.......▒.▒ ....... ▒▒▒▒▒
▒▒▒▒▒▒▒▒.▒▒▒....... ÷..▒
▒....▒.......
.▒.▒▒▒▒▒▒▒▒▒▒............
.▒.....[.........▒▒▒..▒.▒
.▒▒▒▒▒▒▒▒▒▒▒▒....▒ ▒.▒.▒
.......▒▒ ▒....▒


You could see Edmund (berserk).


Message History

You tail-slap Edmund, but do no damage.
Edmund is moderately wounded.
Edmund hits you with a +7 flail of holy wrath.
Unknown command.
You hit Edmund but do no damage.
Edmund is moderately wounded.
Edmund hits you with a +7 flail of holy wrath!
You closely miss Edmund.
Edmund is moderately wounded.
Edmund barely misses you.
You hit Edmund but do no damage.
Edmund is moderately wounded.
Edmund hits you with a +7 flail of holy wrath.
You punch Edmund!
Edmund is heavily wounded.
Edmund hits you with a +7 flail of holy wrath.
You hit Edmund but do no damage. You tail-slap Edmund, but do no damage.
You punch Edmund, but do no damage.
Edmund is heavily wounded.
Edmund hits you with a +7 flail of holy wrath!!
* * * LOW HITPOINT WARNING * * *
You barely miss Edmund.
Edmund is heavily wounded.
Edmund hits you with a +7 flail of holy wrath!
* * * LOW HITPOINT WARNING * * *
You barely miss Edmund.
Edmund is heavily wounded.
Edmund hits you with a +7 flail of holy wrath!
You die...

Action                   |  1- 3 |  4- 6 || total
-------------------------+-------+-------++-------
Melee: Unarmed           |   126 |   112 ||   238
       Tailslap          |    12 |    11 ||    23
       Punch             |     1 |     2 ||     3
Invok: Heroism           |       |     6 ||     6
  Use: Potion            |       |     1 ||     1
 Stab: Sleeping          |     6 |     4 ||    10
       Distracted        |       |     1 ||     1
Armor: Skin              |    37 |    31 ||    68
Dodge: Dodged            |    71 |    70 ||   141

Levels and vault maps discovered:
D:1:      roderic_octagonal_star, layout_loops_ring, minmay_misc_feat_chi,
          minmay_tromino_v4_a
D:2:      layout_basic, kennysheep_slug_shrine, lemuel_coloured_pillars_altar
D:3:      layout_basic, lemuel_doored_altar, lemuel_round_altar, uniq_natasha
D:4:      layout_rooms, uniq_edmund, uniq_duvessa

Notes
Turn   | Place    | Note
-------+----------+-------------------------------------------
     0 | D:1      | sanka the Draconian Monk began the quest for the Orb.
     0 | D:1      | Reached XP level 1. HP: 19/19 MP: 1/1
   622 | D:1      | Reached XP level 2. HP: 25/26 MP: 2/2
   934 | D:2      | Reached skill level 4 in Fighting
   934 | D:2      | Reached XP level 3. HP: 19/33 MP: 3/3
  1137 | D:2      | Found an ancient bone altar of Kikubaaqudgha.
  1197 | D:2      | Reached skill level 4 in Unarmed Combat
  1275 | D:2      | Found a snail-covered altar of Cheibriados.
  1666 | D:2      | Reached XP level 4. HP: 40/40 MP: 4/4
  1863 | D:3      | Found a stormy altar of Qazlal.
  1885 | D:3      | Found an iron altar of Okawaru.
  1963 | D:3      | Became a worshipper of Warmaster Okawaru
  1963 | D:3      | Reached * piety under Okawaru
  1963 | D:3      | Reached ** piety under Okawaru
  2024 | D:3      | Reached skill level 5 in Unarmed Combat
  2024 | D:3      | Reached skill level 1 in Invocations
  2024 | D:3      | Reached XP level 5. HP: 34/46 MP: 2/6
  2231 | D:3      | Noticed Natasha
  2237 | D:3      | Killed Natasha
  2238 | D:3      | Reached skill level 2 in Invocations
  2242 | D:3      | Noticed Natasha
  2249 | D:3      | Killed Natasha
  2317 | D:3      | Noticed Natasha
  2327 | D:3      | Killed Natasha
  2551 | D:3      | Noticed an ogre
  2563 | D:3      | Killed an ogre
  2564 | D:3      | Reached skill level 3 in Invocations
  2564 | D:3      | Reached XP level 6. HP: 40/52 MP: 5/8
  2907 | D:4      | Reached skill level 6 in Unarmed Combat
  2955 | D:4      | Reached skill level 4 in Invocations
  3163 | D:4      | Noticed Edmund
  3180 | D:4      | Mangled by Edmund

Vanquished Creatures
  A phantom (D:4)
  An ogre (D:3)
  A scorpion (D:3)
  Natasha (thrice) (D:3)
  A worker ant (D:4)
  6 adders
  A worm (D:2)
  4 dart slugs
  5 leopard geckos
  2 giant cockroaches
  12 goblins
  9 hobgoblins
  2 jackals (D:3)
  A quokka (D:4)
  2 ball pythons
  8 bats
  4 frilled lizards
  4 kobolds
  6 rats
73 creatures vanquished.
